 Dungeon Crawl Stone Soup version 0.18.1-1-g2f07953 (webtiles) character file.

320 M4edhros the Shield-Bearer (level 6, -3/42 HPs)
             Began as an Octopode Fighter on May 7, 2016.
             Slain by Duvessa
             ... wielding a +1 short sword of distortion
              (15 damage)
             ... on level 5 of the Dungeon.
             The game lasted 00:06:05 (925 turns).

M4edhros the Shield-Bearer (Octopode Fighter)        Turns: 925, Time: 00:06:06

Health: -3/42      AC:  1    Str: 15    XL:     6   Next: 46%
Magic:  6/6        EV: 11    Int: 10    God:
Gold:   86         SH:  9    Dex: 14    Spells: 0 memorised, 5 levels left

rFire  . . .     SeeInvis .     a - +0 flail
rCold  . . .     Gourm    .     b - +0 shield
rNeg   . . .     Faith    .     (helmet restricted)
rPois  .         Spirit   .     (no amulet)
rElec  .         Dismiss  .     (no ring)
rCorr  .         Reflect  .     (no ring)
SustAt .         Harm     .     (no ring)
MR     .....                    (no ring)
Stlth  ++........               (no ring)
                                (no ring)
                                (no ring)
                                (no ring)

@: not resistant to hostile enchantments, unstealthy
A: almost no armour, amphibious, 8 rings, constrict 8, camouflage 1,
regeneration 1, gelatinous body 1
a: no special abilities


You were on level 5 of the Dungeon.
You were not hungry.

You visited 1 branch of the dungeon, and saw 4 of its levels.

You collected 86 gold pieces.

Inventory:

Hand Weapons
 a - a +0 flail (weapon)
Missiles
 e - 74 stones (quivered)
Armour
 b - a +0 shield (worn)
Wands
 n - a wand of acid (5/15)
 o - a wand of lightning (3/15)
Scrolls
 g - a scroll of enchant weapon {unknown}
 j - a scroll of fog {unknown}
 p - a scroll of magic mapping {unknown}
Potions
 c - a potion of might
 i - a potion of magic
 l - a potion of curing
Books
 k - Kikubaaqudgha's Incunabulum of Dark Magic
   (You found it on level 2 of the Dungeon)

   Spells                             Type                      Level
   a - Animate Skeleton               Necromancy                   1
Comestibles
 d - 3 bread rations
 f - 2 meat rations
 h - 3 fruits


   Skills:
 - Level 3.0 Fighting
 + Level 4.8 Maces & Flails
 - Level 3.0 Dodging
 + Level 5.4 Shields


You had 5 spell levels left.
You didn't know any spells.

Dungeon Overview and Level Annotations

Branches:
Dungeon (5/15)
 Temple: D:4-7

Altars:
Kikubaaqudgha
Qazlal
Sif Muna
Vehumet

Annotations:
D:5 Duvessa


Innate Abilities, Weirdness & Mutations

You cannot wear most types of armour.
You are amphibious.
You can wear up to eight rings at the same time.
You can use your tentacles to constrict eight enemies at once.
Your skin changes colour to match your surroundings (Stealth).
Your rubbery body absorbs attacks (AC +1).
Your natural rate of healing is unusually fast.


Message History

Press: ? - help, Shift-Dir - straight line
Okay, then.
Evoke which item? (* to show all) (? for menu, Esc to quit)
Zapping:
n - a wand of acid (7/15)
Press: ? - help, Shift-Dir - straight line, f - giant frog skeleton
Aim: a giant frog skeleton The bolt of acid hits the giant frog skeleton.
The acid corrodes the giant frog skeleton!
This wand has 6 charges left.
Duvessa closely misses you.
You block the giant frog skeleton's attack.
Duvessa misses you. The giant frog skeleton misses you.
Evoke which item? (* to show all) (? for menu, Esc to quit)
Zapping:
n - a wand of acid (6/15)
Press: ? - help, Shift-Dir - straight line, f/p - giant frog skeleton
Aim: a giant frog skeleton (covered in acid)
The bolt of acid hits Duvessa.
The acid corrodes Duvessa!
Duvessa is almost dead.
This wand has 5 charges left.
Duvessa hits you with a short sword of distortion!
You die...

.##.##.######.# #.#
..#.##.##.....# ##.##
..#.##.##.# #.###...####
..........# #.>........#
.#.###.##.###.###...##.#
###.##.##.....# ##.## #
#...####.### #.# #
#.#### #.######.###.#
.#. #.##.Z@e.....# #..
#.##.####.#### .....
#.## )# ### #.# .# #.#
.# ..# .# .## .# .#


You could see Duvessa (berserk) and a giant frog skeleton.

Vanquished Creatures
  An ogre (D:5)
  Dowan (D:5)
  A scorpion (D:4)
  A crimson imp (D:5)
  Jessica (D:2)
  3 gnolls (D:2)
  3 adders
  An ooze (D:2)
  A worm (D:2)
  2 ball pythons (D:2)
  3 goblins (D:2)
  A hobgoblin (D:2)
  4 bats
  2 giant newts (D:2)
25 creatures vanquished.

Notes
Turn   | Place    | Note
--------------------------------------------------------------
     0 | D:1      | M4edhros the Octopode Fighter began the quest for the Orb.
     0 | D:1      | Reached XP level 1. HP: 16/16 MP: 1/1
   188 | D:2      | Reached XP level 2. HP: 21/21 MP: 2/2
   210 | D:2      | Noticed an air elemental
   212 | D:2      | Found a stormy altar of Qazlal.
   313 | D:2      | Reached XP level 3. HP: 25/26 MP: 3/3
   325 | D:2      | Found an ancient bone altar of Kikubaaqudgha.
   328 | D:2      | Found a deep blue altar of Sif Muna.
   329 | D:2      | Found a radiant altar of Vehumet.
   332 | D:2      | Identified Kikubaaqudgha's Incunabulum of Dark Magic
   406 | D:2      | Noticed Jessica
   412 | D:2      | Killed Jessica
   484 | D:2      | Reached skill level 4 in Shields
   484 | D:2      | Reached XP level 4. HP: 31/31 MP: 4/4
   612 | D:2      | You fall through a shaft for 2 floors!
   631 | D:4      | Reached XP level 5. HP: 36/36 MP: 5/5
   682 | D:5      | Entered Level 5 of the Dungeon
   744 | D:5      | Noticed an ogre
   747 | D:5      | Gained mutation: You are dopey. (Int -2) [potion of mutation]
   747 | D:5      | Gained mutation: Your system is resistant to poisons. [potion of mutation]
   747 | D:5      | Gained mutation: Your natural rate of healing is unusually fast. [potion of mutation]
   748 | D:5      | lol, that is just what i needed!
   748 | D:5      | pure joke from the game, im gonna win this with zin
   748 | D:5      | Lost mutation: Your system is resistant to poisons. [potion of cure mutation]
   748 | D:5      | Lost mutation: You are dopey. (Int -2) [potion of cure mutation]
   749 | D:5      | what the fuck, what a luck!!!!
   749 | D:5      | cure mut potion didnt remove healing : )
   807 | D:5      | Killed an ogre
   807 | D:5      | Reached skill level 5 in Shields
   807 | D:5      | Reached XP level 6. HP: 37/42 MP: 6/6
   849 | D:5      | Noticed Duvessa
   850 | D:5      | Noticed Dowan
   919 | D:5      | Killed Dowan
   923 | D:5      | fuck me, bad!
   925 | D:5      | Slain by Duvessa

Skill      XL: |  1  2  3  4  5 |
---------------+----------------+-----
Maces & Flails | 3 4 |  4.8
Shields        | 4 5 |  5.4
Fighting       | |  3.0
Dodging        | |  3.0

Action                   |  1- 3 |  4- 6 || total
-------------------------+-------+-------++-------
Melee: Flail             |    25 |    44 ||    69
       Tentacles         |     7 |     9 ||    16
       Constrict         |     6 |     8 ||    14
Evoke: Wand              |       |     8 ||     8
  Use: Scroll            |       |     4 ||     4
       Potion            |       |     3 ||     3
 Stab: Sleeping          |     6 |       ||     6
Armor: Skin              |     4 |     5 ||     9
Dodge: Dodged            |     7 |    25 ||    32
Block: Shield            |    13 |    28 ||    41
